 Dungeon Crawl Stone Soup version 0.27-a0-1595-g0b823d0a13 (webtiles) character file.

Game seed: 17485689948709169998

21 HAL9000 the Sneak (level 2, 0/15 HPs)
             Began as a Vine Stalker Brigand on July 20, 2021.
             Succumbed to an adder's poison
             ... on level 2 of the Dungeon.
             The game lasted 00:00:51 (925 turns).

HAL9000 the Sneak (Vine Stalker Brigand)             Turns: 925, Time: 00:00:51

Health: 0/15       AC:  3    Str: 13    XL:     2   Next: 87%
Magic:  2/3        EV: 11    Int: 11    God:
Gold:   35         SH:  0    Dex: 15    Spells: 1/1 levels left

rFire    . . .     SeeInvis .   a - +2 dagger
rCold    . . .     Faith    .   (no shield)
rNeg     . . .     Spirit   +   b - +0 robe
rPois    .         Reflect  .   (no helmet)
rElec    .         Harm     .   c - +0 cloak
rCorr    .         Rampage  .   (no gloves)
Will     ++...                  (no boots)
Stlth    +++.......             (no amulet)
HPRegen  0.05/turn              (no ring)
MPRegen  0.08/turn              (no ring)

@: lethally poisoned (0 -> -4), very slightly contaminated, invisible
A: fangs 2, magic shield, antimagic bite, no potion heal 2, strong-willed 2
a: no special abilities


You were on level 2 of the Dungeon.
You visited 1 branch of the dungeon, and saw 2 of its levels.

You collected 35 gold pieces.

Inventory:

Hand Weapons
 a - a +2 dagger (weapon)
Missiles
 d - 5 poisoned darts (quivered)
 e - 2 curare-tipped darts
Armour
 b - a +0 robe (worn)
 c - a +0 cloak (worn)
Scrolls
 g - a scroll of enchant armour {unknown}
 i - a scroll of blinking {unknown}


   Skills:
 - Level 1.7 Fighting
 - Level 1.7 Short Blades
 + Level 3.0 Throwing
 - Level 0.7 Dodging
 - Level 4.8 Stealth


You had one spell level left.
You didn't know any spells.
Your spell library contained the following spells:

 Spells                   Type           Power      Damage    Failure   Level
 Sublimation of Blood     Necr           0%         N/A       47%         2
 Petrify                  Tmut/Erth      0%         N/A       98%         4
 Irradiate                Conj/Tmut      0%         3d13      100%        5


Dungeon Overview and Level Annotations

Branches:
Dungeon (2/15)

Altars:


Innate Abilities, Weirdness & Mutations

You have extremely sharp teeth.
When hurt, damage is shared between your health and your magic reserves.
Your bite disrupts and absorbs the magic of your enemies.
Potions cannot restore your health.
You are highly strong-willed. (Will++)


Message History

You hit the ball python.
You kill the ball python!
No target in view!
No target in view!
You see here a ball python corpse.
You see here a ball python corpse.
Found a spear.
Found a scroll labelled GYUTTE QOELITU.
i - a scroll labelled GYUTTE QOELITU No target in view!
Found an escape hatch in the ceiling.
An adder comes into view.
Found a stone staircase leading down.
The adder bites you.
You are poisoned.
The adder poisons you! The adder bites you.
You are more poisoned.
The adder poisons you!
You closely miss the adder. You bite the adder, but do no damage.
You feel sick. The adder barely misses you.
You throw a poisoned dart.
The poisoned dart barely misses the adder.
You feel sick. The adder bites you.
You are too injured to fight recklessly!
Throw: 6 darts (poison)
Press: ? - help, Q - select action, (/) - cycle Shift-Dir - straight line, f/p - adder
Aim: an adder (40% to hit)
You throw a poisoned dart. The poisoned dart hits the adder!
The adder is poisoned.
You feel sick. The adder bites you.
* * * LOW HITPOINT WARNING * * *
It was a potion of invisibility.
You fade into invisibility!
* * * LOW HITPOINT WARNING * * *
You feel sick. The adder barely misses you.
You are very lightly contaminated with residual magic.
Unknown command.
It was a potion of mutation.
You feel extremely strange.
You feel strong-willed.
You feel more strong-willed.
You die...

##.....####.##..##.#.##.
..........#.##..##.#.#..
>.......................
#......#.#.##...#.#.#..
#......#.#.##...#.#.#..
#......#.#.######.#....
#......#.... ....
.#......###.### #..
.......@....... ...
##.....S.##....
..##.....##.... ..
#.....# #.....# #.....#
#...... #...(.#


You could see an adder (very poisoned).

Vanquished Creatures
  3 ball pythons
  An endoplasm (D:1)
  A giant cockroach (D:2)
  A goblin (D:1)
  A hobgoblin (D:2)
  4 jackals (D:1)
  2 quokkas
  2 bats (D:1)
  A frilled lizard (D:2)
  2 rats (D:1)
18 creatures vanquished.

Notes
Turn   | Place    | Note
-------+----------+-------------------------------------------
     0 | D:1      | HAL9000 the Vine Stalker Brigand began the quest for the
                  | Orb.
     0 | D:1      | Reached XP level 1. HP: 11/11 MP: 2/2
   124 | D:1      | Reached XP level 2. HP: 6/15 MP: 3/3
   925 | D:2      | Gained mutation: You are strong-willed. (Will+) [potion of
                  | mutation]
   925 | D:2      | Gained mutation: You are highly strong-willed. (Will++)
                  | [potion of mutation]
   925 | D:2      | Succumbed to an adder's poison

Illustrated notes

Levels and vault maps discovered:
D:1:      minmay_arrival_semitransparent, layout_rooms
D:2:      layout_basic

Skill      XL: |  1  2 |
---------------+-------+-----
Throwing       | 2 3 |  3.0
Fighting       | |  1.7
Short Blades   | |  1.7
Dodging        | |  0.7
Stealth        | |  4.8

Action                   || total
-------------------------++-------
Melee: Dagger            ||    44
       Bite              ||    14
Throw: Dart              ||     8
  Use: Potion            ||     2
 Stab: Sleeping          ||     5
Armor: Robe              ||     6
Dodge: Dodged            ||    24

Table legend: (Time is in decaauts)
 A = Elapsed time spent in this place.
 B = Non-inter-level travel time spent in this place.
 C = Inter-level travel time spent in this place.
 D = Time resting spent in this place.
 E = Time spent auto-exploring this place.
 F = Levels seen in this place.
 G = Mean time per level.
                   A        B        C        D        E       F      G
               +--------+--------+--------+--------+--------+-----+--------+
         Total |    919 |    895 |     24 |    300 |    475 |   2 |  459.5 |
       Dungeon |    919 |    895 |     24 |    300 |    475 |   2 |  459.5 |
               +--------+--------+--------+--------+--------+-----+--------+

Top non-repeatable levels by time:
     D:1: 619 daAuts
     D:2: 300 daAuts
